AoeStats
← WARChris

Lombardia

510177463Analyzed
2v2 RM · 19h ago on Sep 29, 2026· 52m 5s· 4 players
Game mode
Random Map
Map size
Medium (4 player)
Population
200
Speed
Normal
Resources
Standard
Victory
Conquest
Starting age
Dark Age
Ending age
Imperial Age
RankedLock teamsTeams togetherTeam positionsShared explorationLock speedFull tech treeHidden civsTurbo modeCheats
Victory
Defeat
🇩🇪 Georgians · Germany
1806
+10
🇩🇪 Khmer · Germany
1800
+11
🇩🇪 Tatars · Germany
1694
-11
🇧🇴 Wu · Bolivia
1666
-10
Ra
6:01 Loom
8:24 Feudal Age
14:49 Forging
15:06 Double-Bit Axe
18:06 Horse Collar
19:10 Wheelbarrow
19:08 Gold Mining
19:46 Bloodlines
23:31 Castle Age
22:15 Scale Barding Armor
25:49 Husbandry
28:15 Chain Barding Armor
32:35 Iron Casting
40:34 Imperial Age
38:07 Fletching
40:46 Cavalier
42:02 Plate Barding Armor
43:06 Blast Furnace
42:05 Pikeman
42:45 Squires
42:51 Scale Mail Armor
42:52 Light Cavalry
44:07 Masonry
45:33 Chemistry
44:30 Murder Holes
44:58 Bodkin Arrow
45:16 Caravan
47:56 Guilds
[ECU] Pendeck's
10:33 Feudal Age
14:54 Castle Age
17:11 Fletching
18:39 Loom
22:02 Bodkin Arrow
23:03 Horse Collar
26:58 Wheelbarrow
32:10 Double-Bit Axe
34:17 Ballistics
36:09 Padded Archer Armor
36:25 Hand Cart
38:44 Imperial Age
37:35 Red Cliffs Tactics
39:52 Conscription
39:33 Bracer
40:41 Chemistry
41:52 Leather Archer Armor
41:44 Elite Fire Archer
43:20 Bow Saw
45:29 Scale Mail Armor
45:39 Forging
45:16 Town Watch
46:18 Masonry
50:02 Sitting Tiger
50:23 Treadmill Crane
Lukas_AoE
6:11 Loom
8:58 Feudal Age
9:56 Double-Bit Axe
10:03 Horse Collar
14:27 Town Watch
15:16 Forging
19:26 Castle Age
19:57 Bloodlines
21:22 Scale Barding Armor
26:15 Wheelbarrow
27:42 Bow Saw
30:12 Hand Cart
31:50 Fletching
34:49 Imperial Age
32:31 Bodkin Arrow
33:15 Padded Archer Armor
34:29 Ballistics
34:53 Husbandry
35:59 Parthian Tactics
35:38 Bracer
36:40 Chemistry
36:03 Leather Archer Armor
36:21 Parthian Tactics
37:07 Svan Towers
36:54 Guard Tower
36:50 Arrowslits
37:40 Heavy Cavalry Archer
42:28 Fortified Wall
42:29 Masonry
42:27 Aznauri Cavalry
43:07 Conscription
43:29 Keep
43:18 Caravan
47:17 Coinage
46:38 Onager
48:27 Siege Onager
49:07 Siege Onager
51:47 Siege Engineers
52:13 Architecture
WARChris
7:26 Loom
9:57 Feudal Age
11:12 Feudal Age
14:27 Castle Age
12:32 Double-Bit Axe
13:08 Horse Collar
17:22 Heavy Plow
19:58 Bow Saw
21:53 Ballistics
27:20 Wheelbarrow
28:20 Bloodlines
29:16 Scale Barding Armor
30:13 Husbandry
31:02 Chain Barding Armor
31:46 Forging
32:46 Hand Cart
35:19 Light Cavalry
39:45 Imperial Age
38:21 Iron Casting
37:58 Caravan
38:01 Town Watch
38:09 Town Watch
41:03 Plate Barding Armor
40:16 Elite Battle Elephant
42:14 Conscription
44:10 Blast Furnace
43:18 Tusk Swords
46:23 Gold Mining
47:04 Crop Rotation
48:44 Fortified Wall
49:34 Chemistry
48:45 Masonry
52:13 Architecture
51:39 Murder Holes
52:22 Hoardings
Connection lost

Rejoining the realm…

Still unreachable

The connection could not be restored.

Session expired

The server has moved on; the page needs a fresh start.